Cogmind - Beta 16 @@@ ROGUE MODE // 2025.11.04 @ 13:10:57 // AFD2018/Launchers Player: taku_the_hopeless Result: Destroyed by YI-UF0 with YI-UF0's Doublenader Performance ------------- Evolutions (1) 500 Regions Visited (3) 600 Robots Destroyed (75) 375 Value Destroyed (1444) 1444 Prototype IDs (1) 20 Alien Tech Used (0) 0 Bonus (74) 74 TOTAL SCORE: 3013 Bonus ------- High Alert Combat Kills 160 Friendly Fire -86 Cogmind --------- Core Integrity 0/400 Matter 102/300 Energy 83/100 System Corruption 9% Temperature Cool (0) Movement Treading (160) Location -9/Mines Parts ------- > --- POWER (1) -------- (None) > --- PROPULSION (3) --- Light Treads > --- UTILITY (2) ------ Visual Processing Unit > --- WEAPON (3) ------- Rocket Launcher > --- INVENTORY (5) ---- Ion Engine Improved Ion Engine Improved Assault Rifle Improved Assault Rifle Peak State ------------ > --- POWER ------------ Light Ion Engine > --- PROPULSION ------- Light Treads Light Treads Light Treads > --- UTILITY ---------- Visual Processing Unit Seismic Detector > --- WEAPON ----------- Improved Assault Rifle Improved Assault Rifle Rocket Launcher > --- INVENTORY -------- Compact Wheel Compact Wheel [Rating: 15] Favorites ----------- Power Light Ion Engine Engine Light Ion Engine Propulsion Light Treads Treads Light Treads Wheel Wheel Utility Visual Processing Unit Device Seismic Detector Processor Visual Processing Unit Hackware Hacking Suite Protection Light Armor Plating Weapon EMP Blaster Ballistic Gun Improved Assault Rifle Launcher EMP Blaster Build | -11 -10 -9 -9 ------- Run | Yrd Mat Mat Min Slots Evolved 2 | . . 2 . Power . | . . . . Propulsion 1 | . . 1 . Utility . | . . . . Weapon 1 | . . 1 . Parts Attached 37 | 3 10 20 4 Power 4 | . 2 2 . Engine 4 | . 2 2 . Core . | . . . . Reactor . | . . . . Propulsion 10 | 1 3 5 1 Treads 5 | . . 5 . Leg . | . . . . Wheel 5 | 1 3 . 1 Hover . | . . . . Flight . | . . . . Utility 4 | . 2 2 . Device 1 | . . 1 . Storage . | . . . . Processor 1 | . 1 . . Hackware 1 | . 1 . . Protection 1 | . . 1 . Artifact . | . . . . Weapon 19 | 2 3 11 3 Energy Gun . | . . . . Energy Cannon . | . . . . Ballistic Gun 5 | . . 5 . Ballistic Cannon . | . . . . Launcher 14 | 2 3 6 3 Special Weapon . | . . . . Impact Weapon . | . . . . Slashing Weapon . | . . . . Piercing Weapon . | . . . . Special Melee Weapon . | . . . . Unidentified Prototypes 1 | . . 1 . Corrupted Parts 2 | . . 2 . System Corruption 8 | . . 8 . Parts Lost 14 | . 3 5 6 Power 2 | . . 2 . Propulsion 4 | . 1 . 3 Utility 3 | . 1 1 1 Weapon 5 | . 1 2 2 Highest Loss Streak 5 | . 2 1 5 To Critical Strikes . | . . . . Average Backups 4 | 3 4 4 4 Power . | . . . 2 Propulsion 1 | . 1 1 . Utility . | . . . . Weapon 2 | 3 3 2 2 Tool/Special . | . . . . Unused Backups 5 | . 4 . 1 Power 1 | . . . 1 Propulsion . | . . . . Utility . | . . . . Weapon 4 | . 4 . . Tool/Special . | . . . . Average Slot Usage (%) 72 | . 51 81 79 Engine 4 | . 1 6 . Treads 14 | . . 20 24 Wheel 13 | . 21 11 2 Device 2 | . . 4 . Processor 9 | . 6 11 11 Protection 1 | . . . 9 Ballistic Gun 7 | . . 11 1 Launcher 18 | . 19 16 30 Peak Build Rating 15 | 2 9 15 14 Average Rating 9 | 1 4 11 11 On Entrance 5 | . 2 7 14 Avg Prop Armor Cover (%) 11 | . . 10 14 Naked Turns 9 | . 9 . . Heaviest Build 15 | 3 11 15 15 Greatest Support 60 | 16 26 60 60 Greatest Overweight (x) 1 | . 1 . . Average Overweight (x) . | . . . . Largest Inventory Capacity 5 | 5 5 5 5 Average Capacity 5 | 5 5 5 5 Most Carried 5 | 5 5 5 5 Average Carried 4 | 4 4 4 4 Final Capacity 5 | 5 5 5 5 Final Carried 5 | 5 5 5 4 Class Distribution -------------------- 40% | Scavenger-Skirmisher 25% | Mutant 20% | Scavenger-Mutant 12% | Scavenger-Bomber Dominant Class ---------------- Mutant | -10/Materials Scavenger-Skirmisher | -9/Materials Scavenger-Bomber | -9/Mines Resources | -11 -10 -9 -9 ----------- Run | Yrd Mat Mat Min Matter Collected 1531 | 85 396 1047 3 Remotely . | . . . . Salvage Created 1907 | 85 568 1182 72 Parts 103 | 3 37 61 2 Haulers Intercepted 5 | . 2 3 . Recyclers Shooed 1 | . 1 . . Parts Field Recycled . | . . . . Retrieved Matter . | . . . . Parts Self-Destructed . | . . . . Prevented . | . . . . Parts Restored . | . . . . Kills | -11 -10 -9 -9 ------- Run | Yrd Mat Mat Min Combat Hostiles Destroyed 38 | . 13 25 . Guns 3 | . . 3 . AOE 34 | . 13 21 . Classes Destroyed 12 | 2 6 4 . Worker 3 | . . 3 . Builder 9 | . 2 6 1 Tunneler 2 | 1 . 1 . Hauler 5 | . 2 3 . Recycler 9 | 1 4 3 1 Operator 3 | . 1 2 . Watcher 6 | . 3 3 . Swarmer 12 | . 6 6 . Grunt 21 | . 7 14 . Duelist 1 | . . 1 . Protector 1 | . . 1 . Sentry 3 | . . 3 . Best Kill Streak 12 | 2 8 12 2 Combat Bots Only 7 | . 7 7 . Max Kills in Single Turn 4 | 1 4 4 2 Gunslinging . | . . . . Exploded 4 | . 4 4 . Melee . | . . . . Uniques/NPCs Destroyed . | . . . . Combat | -11 -10 -9 -9 -------- Run | Yrd Mat Mat Min Hostile Shots Fired 160 | . 23 111 26 Missed 56 | . 10 40 6 Hits 104 | . 13 71 20 Melee 1 | . . 1 . Projectile 103 | . 13 70 20 AOE 19 | . . . 19 Critical Strikes 2 | . . 2 . Damage Taken 1889 | 22 243 1005 619 Core 477 | . 71 227 179 Absorbed by Shields . | . . . . Regen/Repaired (Parts) 75 | . 75 . . Core Remaining (%) 85 | 100 71 . . Volleys Fired 119 | 3 30 79 7 Largest 3 | 1 2 3 3 Hottest 99 | 30 60 66 99 Shots Fired 187 | 3 38 131 15 Gun 92 | . . 92 . Cannon . | . . . . Launcher 95 | 3 38 39 15 Special . | . . . . Kinetic 92 | . . 92 . Thermal . | . . . . Explosive 73 | 3 38 20 12 Electromagnetic 22 | . . 19 3 Robot Hit Streak 18 | 2 3 18 4 Robot Miss Streak 4 | . 1 4 3 Penetration Max . | . . . . Secondary Targets . | . . . . Shots Hit Robots 93 | 2 11 71 9 Core Hits 118 | 1 43 66 8 Critical Kills . | . . . . Critical Parts Destroyed 2 | . . 2 . Critical Strikes 2 | . . 2 . Destroy 2 | . . 2 . Melee Attacks . | . . . . Impact . | . . . . Slashing . | . . . . Piercing . | . . . . Sneak Attacks . | . . . . Combat Hostiles . | . . . . Follow-up Attacks . | . . . . Damage Inflicted 5223 | 111 1720 3110 282 Guns 770 | . . 770 . Cannons . | . . . . Explosions 4447 | 111 1720 2334 282 Melee . | . . . . Ramming 6 | . . 6 . Kinetic 770 | . . 770 . Thermal 106 | . 88 18 . Explosive 3698 | 111 1632 1728 227 Electromagnetic 643 | . . 588 55 Impact . | . . . . Slashing . | . . . . Piercing . | . . . . Highest Corruption 9 | . 1 9 9 Average Corruption 6 | . 1 7 9 Corruption Purged . | . . . . Corruption Blocked . | . . . . Effects 25 | . . 18 7 Message Errors 7 | . . 6 1 Matter Fused 10 | . . 7 3 Energy Discharges 2 | . . 1 1 Parts Rejected 1 | . . 1 . Data Loss (major) 2 | . . 1 1 Misfires 1 | . . . 1 Weapon Failures 2 | . . 2 . Overload Shots . | . . . . Overflow Damage 97 | 12 20 56 9 Projectiles . | . . . . Explosions 97 | 12 20 56 9 Melee . | . . . . Knockbacks . | . . . . Impact . | . . . . Kinetic . | . . . . Secondary . | . . . . Self-Inflicted Damage 246 | 22 113 111 . Shots 14 | 1 5 8 . Rammed 1 | . . 1 . Targets Rammed 1 | . . 1 . Kicked . | . . . . Crushed . | . . . . Highest Temperature 37 | . 5 21 37 Average Temperature 7 | . 2 5 21 Received Heat Transfer 396 | . 54 333 9 Siege Activations . | . . . . Martial Activations . | . . . . Shielding Activations . | . . . . Robots Disrupted 1 | . . 1 . Combat Hostiles . | . . . . Robots Corrupted 1 | . . 1 . Combat Hostiles 1 | . . 1 . Parts Fried 3 | . . 3 . Impact Corruptions . | . . . . Robots Melted . | . . . . Combat Hostiles . | . . . . Parts Melted . | . . . . Heat Transferred 100 | . 50 50 . Parts Sabotaged . | . . . . Parts Stolen . | . . . . Parts Stripped . | . . . . Power Chain Reactions 1 | . . 1 . Alert | -11 -10 -9 -9 ------- Run | Yrd Mat Mat Min Maximum Alert Level 3 | . 2 3 1 Low Security (%) 34 | 100 59 20 28 Level 1 27 | . 18 25 71 Level 2 30 | . 22 41 . Level 3 7 | . . 12 . Level 4 . | . . . . Level 5 . | . . . . High Security . | . . . . Max Security . | . . . . Peak Influence 719 | 5 516 719 273 Initial 273 | . . 209 273 Average 338 | 2 199 442 223 Influence Increases 1666 | 10 706 906 44 Destroy 0b10 Robot/C 740 | . 260 480 . Destroy 0b10 Robot/NC 190 | 10 60 110 10 Destroy Leader 192 | . 70 122 . Successful Hack 7 | . . 7 . Disable Machine 180 | . 120 60 . Destroy Structure 342 | . 196 112 34 Lose Combat Pursuer 15 | . . 15 . Influence Decreases 1499 | 10 210 699 580 Entered New Map 717 | . . 287 430 Time Decay 622 | 10 180 362 70 Lost Part 140 | . 30 50 60 Lost Ally 20 | . . . 20 Squads Dispatched 10 | . 4 6 . Investigation 2 | . 2 . . Extermination . | . . . . Reinforcement 6 | . 2 4 . Assault 2 | . . 2 . Garrison . | . . . . Intercept . | . . . . Searches Triggered . | . . . . Construction Impeded 1 | . . 1 . Haulers Reinforced . | . . . . Active Scanning Responses . | . . . . Cargo Convoy Interrupts . | . . . . Stealth | -11 -10 -9 -9 --------- Run | Yrd Mat Mat Min Distress Signals 1 | . . 1 . Communications Jammed . | . . . . Distress Signals . | . . . . Times Spotted 61 | . 19 39 3 Peak Tracking Total 6 | . 6 6 2 Tactical Retreats 1 | . . 1 . Traps | -11 -10 -9 -9 ------- Run | Yrd Mat Mat Min Traps Triggered 3 | . 1 2 . Indirectly . | . . . . Trap Hack Attempts . | . . . . Triggered . | . . . . Disarmed . | . . . . Reprogrammed . | . . . . Reused . | . . . . Traps Extracted . | . . . . Installed . | . . . . Triggered . | . . . . Machines | -11 -10 -9 -9 ---------- Run | Yrd Mat Mat Min Machines Disabled 12 | . 8 4 . Max in Single Turn 5 | . 5 1 . Machines Repaired . | . . . . Machines Dismantled . | . . . . Machines Sabotaged . | . . . . Overloaded Fab Kills . | . . . . Hacking | -11 -10 -9 -9 --------- Run | Yrd Mat Mat Min Machines Accessed 7 | . 5 2 . Terminals 4 | . 3 1 . Fabricators . | . . . . Repair Stations 1 | . 1 . . Recycling Units 1 | . 1 . . Scanalyzers 1 | . . 1 . Garrison Access . | . . . . Total Hacks 25 | . 21 4 . Successful 16 | . 14 2 . Failed 9 | . 7 2 . Catastrophic 2 | . 2 . . Database Lockouts . | . . . . Manual 12 | . 11 1 . Terminals 14 | . 12 2 . Fabricators . | . . . . Repair Stations 4 | . 4 . . Recycling Units 5 | . 5 . . Scanalyzers 2 | . . 2 . Garrison Access . | . . . . Terminal Hacks 3 | . 2 1 . Part Schematic 1 | . 1 . . Hauler Manifests 1 | . . 1 . Zone Layout 1 | . 1 . . Fabricator Hacks . | . . . . Repair Station Hacks 4 | . 4 . . Scan Component 2 | . 2 . . Repair 2 | . 2 . . Recycling Unit Hacks 5 | . 5 . . Recycle Component 3 | . 3 . . Process 1 | . 1 . . Retrieve Matter 1 | . 1 . . Scanalyzer 1 | . . 1 . Retrieve Study 1 | . . 1 . Garrison Access Hacks . | . . . . Unauthorized Hacks 3 | . 3 . . Terminals 3 | . 3 . . Botnet 3 | . 3 . . Fabricators . | . . . . Repair Stations . | . . . . Recycling Units . | . . . . Scanalyzers . | . . . . Garrison Access . | . . . . Data Cores Recovered . | . . . . Used . | . . . . Hacking Detections 5 | . 3 2 . Full Trace Events 2 | . 2 . . Feedback Events 1 | . 1 . . Corruption 1 | . 1 . . Feedback Blocked . | . . . . Robot Schematics Acquired . | . . . . Robots Built . | . . . . Authchips . | . . . . Time . | . . . . Total Robot Build Rating . | . . . . Part Schematics Acquired 1 | . 1 . . Parts Built . | . . . . Authchips . | . . . . Time . | . . . . Total Part Build Rating . | . . . . Part Studies Acquired 1 | . . 1 . Parts Repaired 2 | . 2 . . Time 52 | . 52 . . Parts Recycled 3 | . 3 . . Recycled Matter 119 | . 119 . . Retrieved Matter 119 | . 119 . . Retrieved Components . | . . . . Parts Scanalyzed . | . . . . Part Schematics Acquired . | . . . . Parts Damaged . | . . . . Bothacking | -11 -10 -9 -9 ------------ Run | Yrd Mat Mat Min Used RIF Installer . | . . . . Robots Hacked . | . . . . Non-combat . | . . . . Combat . | . . . . Robot Hacks Applied . | . . . . Relay Couplers Released . | . . . . Fabnet Peak Effective % . | . . . . Robots Rewired . | . . . . Allies Hacked . | . . . . Hacks Repelled . | . . . . Allies | -11 -10 -9 -9 -------- Run | Yrd Mat Mat Min Total Allies 1 | . . . 1 Largest Group 1 | . . . 1 Highest-Rated Group 31 | . . . 31 Highest-Rated Ally 31 | . . . 31 Total Orders . | . . . . Ally Attacks 3 | . . . 3 Total Damage 60 | . . . 60 Kills . | . . . . Allies Corrupted . | . . . . Allies Melted . | . . . . Intel | -11 -10 -9 -9 ------- Run | Yrd Mat Mat Min Active Infowar (turns) 1143 | . 181 820 142 Optics 1143 | . 181 820 142 Seismic 329 | . . 329 . Robot Analysis Total . | . . . . Derelict Logs Recovered . | . . . . Drone Launches . | . . . . Drone Recoveries . | . . . . Exploration | -11 -10 -9 -9 ------------- Run | Yrd Mat Mat Min Turns Passed 1391 | 46 383 820 142 Spaces Moved 911 | 42 300 489 80 Core 73 | 20 53 . . Treads 216 | . . 171 45 Legs . | . . . . Wheels 622 | 22 247 318 35 Hover . | . . . . Flight . | . . . . Fastest Speed 50 | 50 50 70 100 Average Speed 98 | 76 78 106 133 Slowest Speed 160 | 100 100 160 160 Overloaded Moves . | . . . . Propulsion Burnouts . | . . . . Robots Hopped . | . . . . Potential Cave-ins . | . . . . Cave-ins Triggered . | . . . . Exploration Rate (%) 26 | 5 51 30 20 Regions Visited 3 Branch Regions 1 Pre-discovered Areas . | . . . . Known Exits Taken . | . . . . Unknown Exits Taken 3 | 1 1 1 . Scrap Searched . | . . . . Spaces Dug 27 | . 4 23 . Terrain Destroyed 375 | 9 199 117 50 Melee . | . . . . Projectile . | . . . . AOE 375 | 9 199 117 50 Terrain Rammed . | . . . . Walls Destroyed . | . . . . Machines Disabled . | . . . . Actions | -11 -10 -9 -9 --------- Run | Yrd Mat Mat Min Total 1220 | 52 407 660 101 Wait 89 | . 53 31 5 Move 908 | 41 299 488 80 Hop . | . . . . Pick Up 14 | 4 8 2 . Fast Attach 29 | 3 8 18 . Attach 7 | . 2 4 1 Detach 10 | 1 1 8 . Swap 23 | . 1 17 5 Drop 20 | . 5 12 3 Fire 119 | 3 30 79 7 Melee . | . . . . Ram 1 | . . 1 . Kick . | . . . . Crush . | . . . . Escape Stasis . | . . . . Rewire . | . . . . Trap . | . . . . Miscellaneous . | . . . . Route ------- -11/Scrapyard -10/Materials -9/Materials -9/Mines (discovered 1 exit: [*Exi]) History --------- Turn | Location | Event 9 | -11/Scrapyard | Discovered new exit (range 15) 47 | -11/Scrapyard | Entered Materials 184 | -10/Materials | Repaired Wheel 212 | -10/Materials | Repaired Wheel 300 | -10/Materials | Build established: Mutant 385 | -10/Materials | Destroyed 7 combat bots 425 | -10/Materials | Discovered new exit (range 5) 430 | -10/Materials | Entered another Materials area 430 | -9/Materials | Evolved 2 slots: Propulsion x1, Weapon x1 830 | -9/Materials | First assault squad dispatched 830 | -9/Materials | Destroyed 7 combat bots 846 | -9/Materials | Build established: Scavenger-Skirmisher 1010 | -9/Materials | Discovered new exit (range 12) 1202 | -9/Materials | Core integrity fell below 50% 1250 | -9/Materials | Entered Mines 1253 | -9/Mines | Received a Mining Laser from a helpful Derelict 1277 | -9/Mines | YI-UF0 nonchalantly dropped a Grenade Launcher on the ground 1380 | -9/Mines | Discovered new exit (range 7) 1383 | -9/Mines | Core integrity fell below 20% 1392 | -9/Mines | Destroyed by YI-UF0 with YI-UF0's Doublenader Last Messages --------------- 01355_ K-01 Serf collects debris. 01357_ U-05 Engineer builds a Wall. 01359_ U-05 Engineer lays Concrete. 01359_ K-01 Serf collects debris. 01360_ U-05 Engineer lays Concrete. 01364_ System corrupted: Matter fused (-10). 01366_ YI-UF0 mumbles something. 01373_ Destroyed Lgt. Ion Engine. 01374_ Lgt. Armor Plating destroyed. 01375_ YI-UF0: "BOOM TO YOU TOO!" 01376_ Com. Wheel destroyed. 01377_ The unstable cave ceiling collapses. 01378_ Lgt. Treads destroyed. 01380_ System corrupted: Energy discharge (-12). 01380_ The unstable cave ceiling collapses. 01380_ EXIT=FOUND 01383_ YI-UF0 mumbles something. 01386_ The unstable cave ceiling collapses. 01388_ EMP Blaster destroyed. 01388_ Rocket Launcher destroyed. Map ----- +----------------------------------------------------+ | ???????????????????????????????? #?????????????? | | ??????????????????????????????? #?????????????? | | ????????????????????######????? ###???????????? | | ???????????????????##" "##??? ???????????? | | ???????????????????#""] ""#??? ????????????? | | ?????#???????????### #?? ?????????????? | | ###### ??????????# # ##?# ???????????????? | | ##???????## ###? #????????????????? | | ?? ?????## # ] #?????????????????? | | ???# ????# # r #??????????????????? | | ????# #???# #??????????????????? | | ?????# #??# ] #??????????????????? | | ??????# #?# ##??????????????????? | | ??????# ## ??????????????????? | | ??????# ## ??####?????????????? | | ???????# ## ?## ###???????????? | | ???????# # ### ##??????????? | | ???????# ## ## g ##?????????? | | ???????## ##?##### | ## #??????? | | ????????####???????? ## t ??????? | | ????????????????????? ### ## #??????? | | ?????????????????????# ## ###?# # #??????? | | ?????????????????????# ??? ##????????? | | ????????????????????## ##????? #?????????? | | ????????????????????# #???????##?????????? | | ????????????????????# @ #??????????????????? | | ????????????????????# #?????????????????? | | ????????????????????# < #???????????????? | | ????????????????????## ####???????????????? | | ?????????????????????# #??????????????????? | | ?????????????????????# ####??????????????????? | | | | | | | | | | | | | | | | | | | | | | | | | | | | | | | | | | | | | | | +----------------------------------------------------+ Best States ------------- Heat Dissipation 28 Energy Generation 10 Energy Capacity 250 Matter Stores 300 Matter Capacity 300 Sight Range 18 Terrain Scan Density 10 Armor Coverage 150 Evasion (%) 50 Recoil Reduction 3 Offensive Hacking 10 Item Schematics ----------------- Hcp. Matter Pod | -10/Materials | Hacked Robot Schematics ------------------ None Fabricated ------------ Nothing Repaired ---------- Wheel | 2% | -10/Materials Wheel | 10% | -10/Materials Studied --------- Wheel | -9/Materials | Hacked Alien Tech Used ----------------- None Achievements -------------- None Challenges ------------ None Game ------ Seed RelayDecoderExoskeleton Manual? 0 Play Time 00:16:02 Cumulative 267.2 hours Start 2025.11.04 @ 12:56:18 End 2025.11.04 @ 13:10:57 Sessions 1 Manual Loads 0 Difficulty Rogue Special Mode AFD2018/Launchers Game No. 296 Rogue 296 Adventurer 0 Explorer 0 Win Type - Total 3 Types 3/0/0/0/0/0/0/0/0/0 Lore% 76 Gallery% 71 Achievement% 51 Wizard Run 0 Options --------- Layout 0 ASCII 0 Keyboard 1 Movement Vi Keybinds 0 Fullscreen 2 Font 18/VGA_Max Map View 76x50 Zoom Use 0% Tactical HUD 1 Map Filters NONE Filters NONE Steam X RUN: 66df3711-14b5-4355-824d-8bdd8ccc1188